 Dungeon Crawl Stone Soup version 0.31-a0-931-g7b59d4eb97 (webtiles) character file.

Game seed: 11215767682439755259

7191 scionoferis the Severer (level 10, -3/103 HPs)
             Began as a Minotaur Chaos Knight on Oct 19, 2023.
             Was a Plaything of Xom.
             Slain by a red devil
             ... wielding a +0 trident
             ... summoned by Xom
              (16 damage)
             ... on level 7 of the Dungeon.
             The game lasted 00:23:14 (6002 turns).

scionoferis the Severer (Minotaur Chaos Knight)     Turns: 6002, Time: 00:23:16

Health: -3/103     AC:  0    Str: 19    XL:     10   Next: 87%
Magic:  9/9        EV:  6    Int:  9    God:    Xom [......]
Gold:   315        SH:  5    Dex: 10    Spells: 9/9 levels left

rFire   . . .        C - +1 war axe
rCold   . . .        u - +0 buckler
rNeg    . . .        E - +2 plate armour {Will+}
rPois   +            (helmet restricted)
rElec   .            (no cloak)
rCorr   .            (no gloves)
SInv    .            i - +0 pair of boots
Will    +....        j - amulet of regeneration Stlth
                     e - ring of poison resistance
HPRegen 1.17/turn    (no ring)
MPRegen 0.11/turn

%: clarity
@: spiked, corroded
A: horns 2, retaliatory headbutt, clarity, clumsy 1, robust 1
a: Renounce Religion


You were on level 7 of the Dungeon.
You worshipped Xom.
You were a very special plaything of Xom.
You visited 1 branch of the dungeon, and saw 7 of its levels.
You also visited: Bailey.

You collected 315 gold pieces.


Innate Abilities, Weirdness & Mutations

You have a pair of horns on your head.
You reflexively headbutt those who attack you in melee.
You possess an exceptional clarity of mind.
You are clumsy. (Dex -2)
You are robust. (+10% HP)


   Skills:
 + Level 10.7 Fighting
 + Level 15.1 Axes
 + Level 4.6 Armour
 + Level 3.7 Dodging
 + Level 6.4 Shields


You had 9 spell levels left.
You didn't know any spells.
Your spell library contained the following spells:

 Spells                   Type           Power      Damage    Failure   Level
 Magic Dart               Conj           0%         1d3       100%        1
 Call Imp                 Summ           0%         N/A       100%        2
 Ensorcelled Hibernation  Hex/Ice        0%         N/A       100%        2
 Passwall                 Tmut/Erth      0%         N/A       100%        2
 Inner Flame              Hex/Fire       0%         N/A       100%        3
 Mephitic Cloud           Conj/Pois/Air  0%         N/A       100%        3
 Swiftness                Air            0%         N/A       100%        3
 Flame Wave               Conj/Fire      0%         2d4       100%        4
 Sticky Flame             Conj/Fire      0%         2d3       100%        4

Inventory:

Hand Weapons
 a - a +0 hand axe of chaos
 b - the +4 hand axe of Hystra Moly {drain, rC+ rCorr}
   (You found it on level 3 of the Dungeon)

   rC+:       It protects you from cold.
   rCorr:     It protects you from acid and corrosion.
 x - the +10 flail of Grim Blind Justice {drain, Str+3 Int+2 Dex-2 SInv}
   (You found it in a bailey)

   Str+3:     It affects your strength (+3).
   Int+2:     It affects your intelligence (+2).
   Dex-2:     It affects your dexterity (-2).
   SInv:      It lets you see invisible.
 C - a +1 war axe (weapon)
   (You took it off a wight on level 6 of the Dungeon)
Missiles
 k - 7 javelins
 l - 16 poisoned darts
 r - 4 curare-tipped darts (quivered)
 y - 15 boomerangs
Armour
 i - a +0 pair of boots (worn)
   (You found it on level 1 of the Dungeon)
 u - a +0 buckler (worn)
   (You found it on level 4 of the Dungeon)
 E - a +2 plate armour of willpower (worn)
   (You found it in a bailey)
Jewellery
 d - a ring of wizardry
   (You found it on level 1 of the Dungeon)
 e - a ring of poison resistance (left hand)
   (You found it on level 1 of the Dungeon)
 j - an amulet of regeneration (around neck)
   (You found it on level 2 of the Dungeon)
Wands
 p - a wand of polymorph (10)
   (You took it off Pikel on level 4 of the Dungeon)
Scrolls
 c - 2 scrolls of butterflies
 f - a scroll of fear
 g - 2 scrolls of acquirement
 m - 4 scrolls of teleportation
 o - 3 scrolls of fog
 q - 2 scrolls of enchant armour
 v - a scroll of silence {unknown}
 w - a scroll of noise {unknown}
 D - a scroll of revelation
Potions
 h - a potion of resistance {unknown}
 n - 5 potions of curing
 t - a potion of enlightenment
 A - a potion of haste {unknown}
 B - a potion of attraction {unknown}

Dungeon Overview and Level Annotations

Branches:
Dungeon (7/15)             Temple (0/1) D:4          Bailey (visited)

Altars:
Cheibriados
Dithmenos
Fedhas
Makhleb
Nemelex Xobeh
Okawaru
Qazlal
Ru
Sif Muna
Uskayaw
Wu Jian
The Shining One

**,,,,,,,,**
***,,,,,,,*,,,,
**,,,*#...*
***,******,o<
#..,***...## ***
**,, ####*##..,*
*#...# **,,
#...##...** *...##
*,o, *#...#..#*
*#...## **,,
###.....### *....#
*o,
#.........####*#43.#
*,,
.............###@.#*
*,,
...............444#
*,,
........###.....5.#
*,, .......##
###.....# *,,
......## #..##.# *,,
......# #..#*## **,,
......# *#.## *,,,
.....## *..# *#.##
#....# *#..# ***,...


You could see an ice devil (summoned), a rust devil (summoned), a smoke demon
(summoned), a chaos spawn (summoned), a red devil (summoned) and a shadow imp
(summoned).


Message History

An electric eel comes into view.
The electric eel shoots out a bolt of lightning at you!
The bolt of electricity hits you!
You hit the orc warrior. Your headbutt misses the orc warrior.
The orc warrior is lightly wounded.
The orc warrior hits you with a +0 hand axe!
Unknown command.
Aiming: Polymorph
Press: ? - help, Shift-Dir - straight line, f - orc warrior
Aim: an orc warrior, wielding a +0 hand axe and wearing a +0 ring mail (lightly wounded, will become a killer bee, a swamp drake, or a steam dragon, chance to affect: 49%)
Okay, then.
Aiming: Polymorph
Press: ? - help, Shift-Dir - straight line, f - electric eel
Aim: an electric eel (water, will become a wyvern, an acid dragon, or a water moccasin, chance to affect: 57%)
Okay, then.
Unknown command.
Unknown command.
As you read the scroll of fear, it crumbles to dust.
You assume a fearsome visage.
The orc warrior looks frightened!
The hobgoblin looks frightened!
The orc warrior easily resists.
The electric eel looks frightened!
The orc warrior hits you with a +0 hand axe!
Unknown command.
You hit the orc warrior but do no damage.
You drain the orc warrior.
The orc warrior is lightly wounded.
You closely miss the orc warrior.
The orc warrior is lightly wounded.
You block the orc warrior's attack.
You hit the orc warrior.
The orc warrior suddenly seems more agile.
The orc warrior is lightly wounded.
You miss the orc warrior. Your headbutt misses the orc warrior.
The orc warrior is lightly wounded.
The orc warrior barely misses you.
You slash the orc warrior!
Space warps horribly around the orc warrior!
The orc warrior is almost dead.
The orc warrior hits you with a +0 hand axe.
An orc warrior opens the large door.
You hit the orc warrior. You burn the orc warrior.
The orc warrior is almost dead.
You hit the hobgoblin.
The hobgoblin seems to slow down.
You closely miss the orc warrior. Your headbutt misses the orc warrior.
The orc warrior is almost dead.
You barely miss the hobgoblin.
The orc warrior hits you with a +0 hand axe!
Unknown command.
You hit the orc warrior but do no damage.
The orc warrior is almost dead.
You barely miss the hobgoblin. You block the orc warrior's attack.
You hit the orc warrior.
You kill the orc warrior!
You barely miss the hobgoblin.
The hobgoblin hits you with a +0 hand axe.
Unknown command.
The hobgoblin is no longer moving slowly.
The goblin hits you but does no damage.
The hobgoblin splashes around in the water.
Things that are here:
a +0 hand axe; a +0 ring mail; an orc corpse You hit the hobgoblin.
You kill the hobgoblin!
You hear a splash. x2
You closely miss the goblin.
The orc warrior seems to regain its courage.
The goblin hits you with a +0 hand axe.
Cornered, the orc warrior turns to fight!
You hit the goblin.
You kill the goblin!
You hear Xom's maniacal laughter.
The orc warrior's +0 war axe dances into the air!
The hobgoblin begs for mercy.
Cornered, the hobgoblin turns to fight!
Your +0 war axe barely misses the orc warrior.
Your +0 war axe hits the orc warrior but does no damage.
Something completely misses the orc warrior.
Your +0 war axe hits the orc warrior.
Your +0 war axe hits the hobgoblin!
The hobgoblin dies!
You hear a splash. x2
Your +0 war axe hits the orc warrior!
Your +0 war axe hits the orc warrior.
Your +0 war axe hits the orc warrior but does no damage.
The orc warrior closely misses your +0 war axe.
Something hits the orc warrior!
Something barely misses the orc warrior.
The orc warrior hits something but does no damage.
Something hits the orc warrior!
The orc warrior dies!
You start resting.
HP restored.
You start resting.
HP restored.
What are your orders? t - Shout!
Orders for allies: a - Attack new target. r - Retreat! s - Stop attacking. g - Guard the area. f - Follow me.
Anything else - Cancel.
Gang up on whom?
Press: ? - help, Dir - move target, f - electric eel
Aim: an electric eel (water, ally target) Attack!
The electric eel shoots out a bolt of lightning at you!
The bolt of electricity hits you.
Your +0 war axe hits the electric eel!
Your +0 war axe hits the electric eel!
The electric eel dies!
You hear a splash.
You swap places.
You see here a +0 plate armour.
You enter the shallow water.
Moving in this stuff is going to be slow.
Things that are here:
a +3 hand axe; a +0 leather armour A goblin comes into view.
It is wielding a +0 war axe.
The goblin shouts!
A goblin comes into view. It is wielding a +0 hand axe.
There is an open gate here.
You miss the goblin. Your headbutt misses the goblin. You slash the goblin!
You kill the goblin!
You hit the goblin.
You kill the goblin!
You enter the shallow water.
Moving in this stuff is going to be slow.
Things that are here:
a +3 hand axe; a +0 leather armour You swap places.
Things that are here:
a +0 hand axe; a +0 leather armour
Things that are here:
a +0 hand axe; a +0 ring mail; an orc corpse You enter the shallow water.
Moving in this stuff is going to be slow.
Things that are here:
a +0 hand axe; a +0 leather armour You swap places.
Things that are here:
a +0 hand axe; a +0 leather armour
There is an open gate here.
Items here: )) [[ †.
You swap places.
You swap places.
Items here: )) [[ †.
There is a large open door here.
You swap places.
There is a large open door here.
You sense an unholy aura.
b - the +4 hand axe of Hystra Moly (weapon)
{drain, rC+ rCorr} You open the large door.
A hobgoblin and a goblin come into view.
The hobgoblin shouts!
The goblin shouts!
There is a large open door here.
You hit the hobgoblin but do no damage. You drain the hobgoblin.
The hobgoblin is almost dead.
You block the hobgoblin's attack.
You closely miss the hobgoblin. You headbutt the hobgoblin.
You kill the hobgoblin!
You hit the goblin. You drain the goblin.
You kill the goblin!
Items here: )) [[ †.
You open the door.
An orc, a hobgoblin, 4 orc warriors and 3 gnolls come into view.
The orc warrior shouts!
The gnoll shouts!
The orc warrior shouts!
The gnoll shouts!
Your +0 war axe hits the gnoll!
The gnoll dies!
The gnoll misses your +0 war axe.
The orc warrior barely misses your +0 war axe.
Your +0 war axe hits the orc warrior.
Your +0 war axe hits the gnoll!
What are your orders? t - Shout!
Orders for allies: a - Attack new target. r - Retreat! s - Stop attacking. g - Guard the area. f - Follow me.
Anything else - Cancel.
Retreat in which direction?
Press: ? - help, Dir - move target Fall back!
What are your orders? t - Shout!
Orders for allies: a - Attack new target. r - Retreat! s - Stop attacking. g - Guard the area. f - Follow me.
Anything else - Cancel.
Gang up on whom?
Press: ? - help, Dir - move target, f - gnoll
Aim: a gnoll, wielding a +0 hand axe and wearing a +0 leather armour (severely wounded, not watching you) Attack!
The gnoll completely misses your +0 war axe.
You block the gnoll's attack.
Your +0 war axe hits the gnoll!
The gnoll dies!
The orc warrior barely misses you.
The orc warrior hits you with a +0 war axe!
There is an open door, spattered with blood here.
Items here: )) [[ ††.
Something closely misses your +0 war axe.
The orc warrior hits your +0 war axe with a +0 war axe.
Your +0 war axe hits the orc warrior.
Your +0 war axe hits something.
You swap places.
The orc warrior misses you. The orc warrior closely misses you.
You furiously retaliate!
You headbutt the orc warrior.
There is an open door, spattered with blood here.
Items here: )) [[ ††.
Something completely misses your +0 war axe.
The orc warrior hits your +0 war axe with a +0 war axe!
Your +0 war axe hits the orc warrior!
Your +0 war axe closely misses something.
What are your orders? t - Shout!
Orders for allies: a - Attack new target. r - Retreat! s - Stop attacking. g - Guard the area. f - Follow me.
Anything else - Cancel.
Retreat in which direction?
Press: ? - help, Dir - move target Fall back!
You hit the orc warrior. Your headbutt misses the orc warrior.
The orc warrior is moderately wounded.
The orc warrior hits you with a +0 war axe!
What are your orders? t - Shout!
Orders for allies: a - Attack new target. r - Retreat! s - Stop attacking. g - Guard the area. f - Follow me.
Anything else - Cancel.
Gang up on whom?
Press: ? - help, Dir - move target, f - orc warrior
Aim: an orc warrior, wielding a +0 war axe and wearing a +0 scale mail (moderately wounded) Attack!
The orc warrior barely misses you.
The orc warrior misses your +0 war axe.
Unknown command.
You closely miss the orc warrior.
The orc warrior is moderately wounded.
Your +0 war axe hits the orc warrior! x2
The orc warrior dies!
You hit the gnoll but do no damage. You headbutt the gnoll!
The gnoll is almost dead.
Your +0 war axe hits the gnoll.
The gnoll dies!
Something hits your +0 war axe!
The orc warrior closely misses your +0 war axe.
Your +0 war axe hits the orc warrior but does no damage.
Your +0 war axe hits something but does no damage.
What are your orders? t - Shout!
Orders for allies: a - Attack new target. r - Retreat! s - Stop attacking. g - Guard the area. f - Follow me.
Anything else - Cancel.
Retreat in which direction?
Press: ? - help, Dir - move target Fall back!
You closely miss the hobgoblin. You headbutt the hobgoblin.
The hobgoblin is moderately wounded.
The hobgoblin hits you but does no damage.
You barely miss the hobgoblin.
The hobgoblin is moderately wounded.
What are your orders? t - Shout!
Orders for allies: a - Attack new target. r - Retreat! s - Stop attacking. g - Guard the area. f - Follow me.
Anything else - Cancel.
Gang up on whom?
Press: ? - help, Dir - move target, f - hobgoblin
Aim: a hobgoblin, wielding a +0 hand axe and wearing a +0 leather armour (moderately wounded) Attack!
You block the hobgoblin's attack.
You slash the hobgoblin!
You kill the hobgoblin!
Your +0 war axe barely misses the orc warrior.
You closely miss the orc warrior.
The orc warrior is heavily wounded.
Your +0 war axe hits the orc warrior.
The orc warrior barely misses your +0 war axe.
The orc warrior hits you with a +0 war axe!
You barely miss the orc warrior.
The orc warrior is severely wounded.
Your +0 war axe hits the orc warrior.
You slash the orc warrior! You drain the orc warrior.
You kill the orc warrior!
Something closely misses your +0 war axe.
The orc warrior hits your +0 war axe but does no damage.
Your +0 war axe hits the orc warrior.
Your +0 war axe hits something but does no damage.
What are your orders? t - Shout!
Orders for allies: a - Attack new target. r - Retreat! s - Stop attacking. g - Guard the area. f - Follow me.
Anything else - Cancel.
Retreat in which direction?
Press: ? - help, Dir - move target Fall back!
You hit the orc warrior.
The orc warrior is lightly wounded.
You block the orc warrior's attack. What are your orders? t - Shout!
Orders for allies: a - Attack new target. r - Retreat! s - Stop attacking. g - Guard the area. f - Follow me.
Anything else - Cancel.
Gang up on whom?
Press: ? - help, Dir - move target, f - orc warrior
Aim: an orc warrior, wielding a +0 war axe and wearing a +0 scale mail (lightly wounded) Attack!
The orc warrior hits your +0 war axe with a +0 war axe!
The orc warrior hits you but does no damage.
You hit the orc warrior. Your headbutt misses the orc warrior.
The orc warrior is moderately wounded.
Your +0 war axe hits the orc warrior but does no damage.
You slash the orc warrior! You drain the orc warrior.
You kill the orc warrior!
The orc warrior misses your +0 war axe.
Something closely misses your +0 war axe.
Your Armour skill increases to level 3!
What are your orders? t - Shout!
Orders for allies: a - Attack new target. r - Retreat! s - Stop attacking. g - Guard the area. f - Follow me.
Anything else - Cancel.
Retreat in which direction?
Press: ? - help, Dir - move target Fall back!
You hit the orc warrior.
You headbutt the orc warrior, but do no damage.
The orc warrior is moderately wounded.
What are your orders? t - Shout!
Orders for allies: a - Attack new target. r - Retreat! s - Stop attacking. g - Guard the area. f - Follow me.
Anything else - Cancel.
Gang up on whom?
Press: ? - help, Dir - move target, f - orc warrior
Aim: an orc warrior, wielding a +0 war axe and wearing a +0 ring mail (moderately wounded) Attack!
You slash the orc!
You kill the orc!
You closely miss the orc warrior.
The orc warrior hits you with a +0 war axe!
The orc warrior hits your +0 war axe but does no damage.
Your +0 war axe hits the orc warrior.
You hit the orc warrior but do no damage.
You drain the orc warrior. Your headbutt misses the orc warrior.
The orc warrior is heavily wounded.
Your +0 war axe hits the orc warrior.
The orc warrior hits you with a +0 war axe!
The orc warrior closely misses your +0 war axe.
You hit the orc warrior but do no damage.
Your headbutt misses the orc warrior.
The orc warrior is severely wounded.
Your +0 war axe hits the orc warrior.
Your +0 war axe closely misses the orc warrior.
You barely miss the orc warrior. You headbutt the orc warrior.
The orc warrior is almost dead.
You block the orc warrior's attack.
The orc warrior hits your +0 war axe with a +0 war axe!
Your +0 war axe hits the orc warrior!
The orc warrior dies!
Your Dodging skill increases to level 2!
Things that are here:
a +0 war axe; a +0 ring mail
There is an open door, spattered with blood here.
Items here: )))))))) [[[[[[[[ †††††.
Okay, then.
You start resting.
HP restored.
You open the door.
There is an open door here.
Found a gate leading back out of this place.
An orc knight comes into view. It is wielding a +0 war axe.
The orc knight hits your +0 war axe with a +0 war axe!
Your +0 war axe barely misses the orc knight.
What are your orders? t - Shout!
Orders for allies: a - Attack new target. r - Retreat! s - Stop attacking. g - Guard the area. f - Follow me.
Anything else - Cancel.
Retreat in which direction?
Press: ? - help, Dir - move target Fall back!
You closely miss the orc knight. Your headbutt misses the orc knight.
You block the orc knight's attack.
Press: ? - help, v - describe, . - travel
Here: an orc knight, wielding a +0 war axe and wearing a +0 scale mail The floor.
Unknown command.
Throw: 6 darts (curare)
Press: ? - help, Q - select action, (/) - cycle Shift-Dir - straight line, f - orc knight
Aim: an orc knight, wielding a +0 war axe and wearing a +0 scale mail (51% to hit)
You throw a curare-tipped dart.
The curare-tipped dart misses the orc knight.
The orc knight hits you with a +0 war axe!
Throw: 5 darts (curare)
Press: ? - help, Q - select action, (/) - cycle Shift-Dir - straight line, f/p - orc knight
Aim: an orc knight, wielding a +0 war axe and wearing a +0 scale mail (51% to hit)
You throw a curare-tipped dart.
The curare-tipped dart hits the orc knight.
The orc knight is poisoned.
The orc knight convulses.
The orc knight seems to slow down.
The orc knight is lightly wounded.
You hit the orc knight.
The orc knight is moderately wounded.
The orc knight hits you with a +0 war axe!!
You hit the orc knight but do no damage.
You drain the orc knight.
The orc knight is moderately wounded.
You slash the orc knight! You drain the orc knight.
You headbutt the orc knight!
The orc knight is severely wounded.
The orc knight hits you with a +0 war axe.
You hit the orc knight. You drain the orc knight.
The orc knight is severely wounded.
You hit the orc knight.
The orc knight is almost dead.
The orc knight hits you with a +0 war axe!
You closely miss the orc knight.
The orc knight is almost dead.
You closely miss the orc knight.
The orc knight is almost dead.
You hit the orc knight. You drain the orc knight.
You kill the orc knight!
r - 6 curare-tipped darts (gained 2)
Things that are here:
a +0 war axe; a +0 scale mail; an orc corpse You start resting.
HP restored.
You start resting.
HP restored.
You open the door.
There is an open door here.
There is an open door here.
What are your orders? t - Shout!
Orders for allies: a - Attack new target. r - Retreat! s - Stop attacking. g - Guard the area. f - Follow me.
Anything else - Cancel.
Follow me!
There is an open door here.
Your +0 war axe falls from the air.
As you open the door, it creaks loudly!
An orc warrior comes into view. It is wielding a +0 war axe.
The orc warrior barely misses you.
There is an open door here.
You hit the orc warrior. You drain the orc warrior.
Your headbutt misses the orc warrior.
The orc warrior is moderately wounded.
You slash the orc warrior! You headbutt the orc warrior!
You kill the orc warrior!
Things that are here:
a +0 war axe; a +0 ring mail You open the door.
Found a scroll of acquirement.
There is an open door here.
g - a scroll of acquirement
There is an open door here.
There is an open door here.
You see here a +0 war axe.
There is an open door here.
You open the door.
Found 11 gold pieces.
There is an open door here.
You now have 285 gold pieces (gained 11).
There is an open door here.
There is an open door here.
There is an open door here.
Things that are here:
a +0 war axe; a +0 scale mail; an orc corpse
Found a ring mail and a pair of gloves.
Found a glowing plate armour and a robe.
An electric eel comes into view.
The electric eel shoots out a bolt of lightning at you!
The bolt of electricity hits you!
Things that are here:
a +0 war axe; a +0 scale mail; an orc corpse The electric eel shoots out a bolt of lightning at you!
The bolt of electricity misses you.
The electric eel shoots out a bolt of lightning at you!
The bolt of electricity hits you!
Things that are here:
a +0 war axe; a +0 scale mail; an orc corpse You hit the electric eel.
You drain the electric eel.
The electric eel is heavily wounded.
You hit the electric eel. You drain the electric eel.
You kill the electric eel!
Things that are here:
a +0 war axe; a +0 scale mail; an orc corpse
There is a gate leading back out of this place here.
A gnoll comes into view. It is wielding a +0 hand axe.
You slash the gnoll!
You kill the gnoll!
Things that are here:
a +0 hand axe; a +0 leather armour An orc warrior comes into view.
It is wielding a +0 war axe.
The orc warrior shouts!
You closely miss the orc warrior. You hit the orc warrior.
You drain the orc warrior.
You headbutt the orc warrior, but do no damage.
The orc warrior is moderately wounded.
The orc warrior barely misses you.
You hit the orc warrior. You headbutt the orc warrior.
The orc warrior is heavily wounded.
You closely miss the orc warrior. You headbutt the orc warrior.
The orc warrior is heavily wounded.
The orc warrior hits you with a +0 war axe.
You slash the orc warrior! You drain the orc warrior.
You kill the orc warrior!
Things that are here:
a +0 war axe; a +0 plate armour; an orc corpse You open the door.
Found 8 gold pieces.
There is an open door here.
You now have 293 gold pieces (gained 8).
There is an open door here.
You open the door. 2 gnolls, 2 orcs and 2 hobgoblins come into view.
The gnoll shouts!
The orc shouts!
The gnoll shouts!
The hobgoblin shouts!
The orc shouts!
The hobgoblin shouts!
You hit the hobgoblin. You drain the hobgoblin.
You kill the hobgoblin!
You hit the gnoll but do no damage. You drain the gnoll.
The gnoll is moderately wounded.
The gnoll hits you with a +0 hand axe.
You closely miss the gnoll.
The gnoll is moderately wounded.
The gnoll hits you with a +0 hand axe.
You slash the gnoll!
You kill the gnoll!
You hit the orc but do no damage. You closely miss the orc.
You hit the hobgoblin. The orc hits you but does no damage.
You block the hobgoblin's attack.
You hit the hobgoblin.
You kill the hobgoblin!
You hit the orc but do no damage. You slash the orc!
You kill the orc!
You completely miss the gnoll. The gnoll barely misses you.
You hit the gnoll.
The gnoll is lightly wounded.
You closely miss the gnoll.
The gnoll is lightly wounded.
The gnoll hits you with a +0 hand axe.
You closely miss the gnoll. You headbutt the gnoll!
The gnoll is almost dead.
The gnoll hits you but does no damage.
You barely miss the gnoll. You headbutt the gnoll.
You kill the gnoll!
The orc hits you but does no damage.
There is an open door, spattered with blood here.
Items here: )))) [[[[ †††.
You hit the orc. You headbutt the orc.
You kill the orc!
Things that are here:
a +0 hand axe; a +0 leather armour
Things that are here:
a +0 hand axe; a +0 leather armour
There is an open door, spattered with blood here.
Items here: )))) [[[[ †††.
Things that are here:
a +0 hand axe; a +0 leather armour; an orc corpse You open the door.
There is an open door here.
You open the door.
There is an open door here.
You open the door.
Found 13 gold pieces.
There is an open door here.
You now have 306 gold pieces (gained 13).
There is an open door here.
There is an open door here.
There is an open door here.
Things that are here:
a +0 war axe; a +0 plate armour; an orc corpse
Things that are here:
a +0 hand axe; a +0 leather armour You open the door.
An orc sorcerer, a hobgoblin and an orc high priest come into view.
The orc sorcerer shouts!
The hobgoblin shouts!
The orc high priest shouts!
A hobgoblin comes into view. It is wielding a +0 hand axe.
The orc high priest utters an invocation to Beogh.
A hobgoblin comes into view. It is wielding a +0 hand axe.
The orc sorcerer points at you and mumbles some strange words.
The bolt of negative energy hits the hobgoblin!!
The hobgoblin is drained!
The hobgoblin dies!
The bolt of negative energy misses you.
Found a +0 hand axe.
Found an iron altar of Okawaru.
Unknown command.
The hobgoblin shouts!
The orc sorcerer casts a spell.
Things that are here:
a +0 war axe; a +0 scale mail; an orc skeleton
There is an open door here.
You close the door.
Something unseen breaks down the door.
You barely miss the hobgoblin. You headbutt the hobgoblin.
You kill the hobgoblin!
You hit the orc high priest but do no damage.
Your headbutt misses the orc high priest.
Throw: 6 darts (curare)
Press: ? - help, Q - select action, (/) - cycle Shift-Dir - straight line, f - orc sorcerer
Aim: an orc sorcerer, wielding a +0 war axe and wearing a +0 ring mail (55% to hit)
You throw a curare-tipped dart.
The curare-tipped dart hits the orc high priest.
The orc high priest is poisoned.
The orc high priest convulses.
The orc high priest seems to slow down.
The orc high priest is lightly wounded.
The orc high priest hits you with a +0 war axe.
You hit the orc high priest. You drain the orc high priest.
The orc high priest is moderately wounded. "Hum-dee-hum-dee-hum..."
The hobgoblin evaporates and reforms as a ball python!
You hit the orc high priest. You drain the orc high priest.
The orc high priest is heavily wounded.
The orc high priest hits you with a +0 war axe.
You barely miss the orc high priest. You headbutt the orc high priest!
The orc high priest is heavily wounded.
You slash the orc high priest! You drain the orc high priest.
The orc high priest is almost dead.
You closely miss the orc high priest.
The orc high priest is almost dead.
The orc high priest barely misses you. You furiously retaliate!
You headbutt the orc high priest!
You kill the orc high priest!
Your Axes skill increases to level 15!
Your Armour skill increases to level 4!
Your Dodging skill increases to level 3!
Your Shields skill increases to level 6!
You slash the ball python!
You kill the ball python!
The hobgoblin returns to its original shape as it dies.
Throw: 5 darts (curare)
Press: ? - help, Q - select action, (/) - cycle Shift-Dir - straight line, f/p - orc sorcerer
Aim: an orc sorcerer, wielding a +0 war axe and wearing a +0 ring mail (blue smoke, 55% to hit)
You throw a curare-tipped dart.
The curare-tipped dart closely misses the orc sorcerer.
Throw: 4 darts (curare)
Press: ? - help, Q - select action, (/) - cycle Shift-Dir - straight line, f/p - orc sorcerer
Aim: an orc sorcerer, wielding a +0 war axe and wearing a +0 ring mail (55% to hit)
You throw a curare-tipped dart.
The curare-tipped dart closely misses the orc sorcerer.
The orc sorcerer points at you and mumbles some strange words.
The bolt of negative energy hits you!
You feel drained.
Throw: 3 darts (curare)
Press: ? - help, Q - select action, (/) - cycle Shift-Dir - straight line, f/p - orc sorcerer
Aim: an orc sorcerer, wielding a +0 war axe and wearing a +0 ring mail (55% to hit)
You throw a curare-tipped dart.
The curare-tipped dart completely misses the orc sorcerer.
The orc sorcerer points at you and mumbles some strange words.
The bolt of negative energy hits you!!
You feel drained.
Throw: 2 darts (curare)
Press: ? - help, Q - select action, (/) - cycle Shift-Dir - straight line, f/p - orc sorcerer
Aim: an orc sorcerer, wielding a +0 war axe and wearing a +0 ring mail (55% to hit)
You throw a curare-tipped dart.
The curare-tipped dart hits the orc sorcerer.
The orc sorcerer is poisoned.
The orc sorcerer convulses.
The orc sorcerer seems to slow down.
The orc sorcerer is lightly wounded.
There is a broken door here.
Items here: )) [[ †††.
You completely miss the orc sorcerer. Your headbutt misses the orc sorcerer.
The orc sorcerer is lightly wounded.
The orc sorcerer points at you and mumbles some strange words.
The bolt of fire hits you!!
* * * LOW HITPOINT WARNING * * *
You closely miss the orc sorcerer.
You headbutt the orc sorcerer, but do no damage.
The orc sorcerer is lightly wounded. "Time to have some fun!"
The orc sorcerer's +0 war axe dances into the air!
You hit the orc sorcerer.
The orc sorcerer is moderately wounded.
The orc sorcerer hits you but does no damage.
Your +0 war axe hits the orc sorcerer!
You barely miss the orc sorcerer.
The orc sorcerer is severely wounded.
You hit the orc sorcerer but do no damage.
You drain the orc sorcerer. You headbutt the orc sorcerer.
The orc sorcerer is almost dead.
You kill the orc sorcerer!
There is an open door, spattered with blood here.
Items here: )))))))) [[[[[[[[ ÷÷÷÷÷.
Things that are here:
a +0 war axe; a +0 ring mail You swap places.
You close the door, pushing everything out of the way.
Items here: ))) [[.
You start resting.
HP restored.
You start resting.
HP restored.
You open the door.
There is an open door, spattered with blood here.
Items here: ) [ ÷÷.
There is a broken door here.
Items here: )) [[ †††.
r - 4 curare-tipped darts (gained 3)
Things that are here:
a +0 war axe; a +0 leather armour
Things that are here:
a +0 war axe; a +0 scale mail; an orc skeleton
There is an open door here.
Found a hand axe.
Found a glowing longbow.
As you open the door, it creaks loudly!
There is an open door here.
You see here the +3 sling of the Median {drain, rPois rCorr Dex+5}.
h - the +3 sling of the Median {drain, rPois rCorr Dex+5} You see here the +10 flail of Grim Blind Justice {drain, Str+3 Int+2 Dex-2 SInv}.
x - the +10 flail of Grim Blind Justice {drain, Str+3 Int+2 Dex-2 SInv} You see here a +3 antimagic longbow.
z - a +3 antimagic longbow You open the door.
There is an open door here.
You open the door.
There is an open door here.
You swap places.
There is an open door here.
There is an open door here.
As you open the door, it creaks loudly!
There is an open door here.
D - a scroll of revelation
g - 2 scrolls of acquirement (gained 1)
c - 2 scrolls of butterflies (gained 1)
m - 4 scrolls of teleportation (gained 1)
You open the door.
There is an open door here.
As you open the door, it creaks loudly!
There is an open door here.
You see here a +0 robe.
You see here a +2 plate armour of willpower.
E - a +2 plate armour of willpower You see here a +0 ring mail.
You see here a +0 pair of gloves.
You swap places.
You see here a +0 robe.
There is an open door here.
There is an open door here.
There is an open door here.
There is an open door here.
You enter the shallow water.
Moving in this stuff is going to be slow.
Your +0 war axe falls from the air.
You hear a splash.
Things that are here:
a +0 war axe; a +0 scale mail
Things that are here:
a +0 war axe; a +0 leather armour
There is an open door here.
You enter the shallow water.
Moving in this stuff is going to be slow.
You see here a +0 war axe.
There is an open door here.
Things that are here:
a +0 war axe; a +0 leather armour
Things that are here:
a +0 war axe; a +0 scale mail
There is a gate leading back out of this place here.
Things that are here:
a +0 hand axe; a +0 leather armour You enter the shallow water.
Moving in this stuff is going to be slow.
There is an open door here.
You enter the shallow water.
Moving in this stuff is going to be slow. "Let's go for a ride!"
Your surroundings suddenly seem different.
You are now a very special plaything of Xom.
There is an open door here.
Things that are here:
a +0 hand axe; a +0 leather armour
Things that are here:
a +0 war axe; a +0 plate armour; an orc skeleton
There is an open door here.
You enter the shallow water.
Moving in this stuff is going to be slow.
There is an open door here.
There is an open door, spattered with blood here.
Items here: )))) [[[[ ÷÷÷.
You open the door.
There is an open door here.
There is a large open door here.
Items here: )) [[.
There is an open gate here.
Things that are here:
a +0 hand axe; a +0 leather armour
Things that are here:
a +0 hand axe; a +0 ring mail You enter the shallow water.
Moving in this stuff is going to be slow.
Partly explored, can't reach some places.
Search for what [Enter for "d:6", or ? for help]? bail Unknown command.
Things that are here:
a +0 hand axe; a +0 ring mail
Things that are here:
a +0 hand axe; a +0 leather armour Unknown command.
You start removing your armour.
You continue taking off your +2 leather armour. x4
You finish taking off your +2 leather armour.
You start putting on your armour.
You continue putting on your +2 plate armour of willpower. x5
You finish putting on your +2 plate armour of willpower.
You feel strong-willed.
Okay, then.
Search for what [Enter for "bail", or ? for help]?
Unknown command.
There is a gate leading back out of this place here.
Welcome back to the Dungeon!
There is an empty arch of ancient stone here.
You drop the +3 sling of the Median {drain, rPois rCorr Dex+5}.
You drop a +2 leather armour.
You drop a +3 antimagic longbow.
Your +0 hand axe of chaos is briefly surrounded by a scintillating aura of random colours.
a - a +0 hand axe of chaos (weapon)
There is an empty arch of ancient stone here.
You enter the shallow water.
Moving in this stuff is going to be slow.
Found a stone staircase leading down.
A bullfrog comes into view.
The bullfrog gives a loud, deep croak!
The bullfrog hits you but does no damage.
You barely miss the bullfrog. You barely miss the bullfrog.
The bullfrog barely misses you.
You completely miss the bullfrog. You block the bullfrog's attack.
You hit the bullfrog.
The bullfrog is moderately wounded.
The bullfrog hits you but does no damage.
You barely miss the bullfrog.
The bullfrog is moderately wounded.
The bullfrog barely misses you. You furiously retaliate!
You headbutt the bullfrog. You barely miss the bullfrog.
Your headbutt misses the bullfrog.
The bullfrog is moderately wounded.
The bullfrog barely misses you.
You slash the bullfrog!
The bullfrog resists with some effort.
You headbutt the bullfrog.
The bullfrog is almost dead.
The bullfrog hits you but does no damage.
You hit the bullfrog but do no damage. Your headbutt misses the bullfrog.
The bullfrog is almost dead.
You block the bullfrog's attack.
You slash the bullfrog!
The bullfrog seems to slow down.
You freeze the bullfrog.
You kill the bullfrog!
Your life force feels restored.
HP restored.
There is a stone staircase leading down here.
A jelly comes into view.
The jelly quivers.
You see here a golden potion.
h - a golden potion You hit the jelly.
The jelly appears confused.
The acid corrodes you!
Your hands burn!
You headbutt the jelly.
The jelly is heavily wounded.
You hit the jelly. You burn the jelly.
Your hands burn!
You headbutt the jelly.
You kill the jelly!
No target in view!
An orc and an orc priest come into view.
The orc priest calls down the wrath of Beogh upon you.
Beogh smites you!
You are no longer corroded.
You start resting.
An orc priest is nearby!
An orc priest comes into view. It is wielding a +0 hand axe.
The orc priest shouts!
The orc priest hits you but does no damage.
You barely miss the orc priest. Your headbutt misses the orc priest.
The orc priest barely misses you. You furiously retaliate!
You headbutt the orc priest! You barely miss the orc priest.
The orc priest is heavily wounded.
You hit the orc. You slash the orc priest!
You kill the orc priest!
You hit the orc. The orc barely misses you. You furiously retaliate!
You headbutt the orc.
An orc wizard comes into view. It is wielding a +0 dagger.
The orc barely misses you.
Things that are here:
a +0 dagger; an orc corpse The orc wizard shouts!
You hit the orc priest.
The orc priest seems to grow stronger.
The orc priest is moderately wounded.
You hit the orc but do no damage.
The orc is poisoned.
You hear a shout!
You barely miss the orc priest.
The orc priest is moderately wounded.
You hit the orc but do no damage.
The orc resists with some effort.
The orc closely misses you. You furiously retaliate!
You headbutt the orc!
You kill the orc!
The orc priest hits you but does no damage.
You hit the orc priest but do no damage.
You headbutt the orc priest!
You kill the orc priest!
You slash the orc wizard! You headbutt the orc wizard.
You kill the orc wizard! "Where it stops, nobody knows!"
Your surroundings seem slightly different.
An orc wizard comes into view. It is wielding a +0 dagger.
Your surroundings suddenly seem different.
Your surroundings suddenly seem different.
Found 15 gold pieces.
Your surroundings suddenly seem different.
Your surroundings suddenly seem different.
Your surroundings suddenly seem different.
A water moccasin comes into view.
Found a robe and 9 gold pieces.
The orc wizard moves out of view.
The water moccasin hisses angrily.
The water moccasin bites you but does no damage.
The water moccasin barely misses you. You furiously retaliate!
You headbutt the water moccasin! You miss the water moccasin.
The water moccasin is moderately wounded.
The water moccasin bites you but does no damage.
You closely miss the water moccasin.
The water moccasin is moderately wounded.
The water moccasin bites you but does no damage.
You closely miss the water moccasin.
The water moccasin is moderately wounded.
The water moccasin barely misses you.
You barely miss the water moccasin.
The water moccasin is moderately wounded.
The water moccasin bites you but does no damage.
You hit the water moccasin.
The water moccasin is moderately wounded.
You slash the water moccasin! You burn the water moccasin.
The water moccasin is severely wounded.
The water moccasin bites you but does no damage.
You hit the water moccasin.
The water moccasin seems to grow stronger.
You headbutt the water moccasin.
You kill the water moccasin!
No target in view!
No target in view!
You now have 315 gold pieces (gained 9).
You see here a water moccasin corpse. "Let's see if it's strong enough to survive yet."
Press: ? - help, v - describe, . - travel
Here: a smoke demon (summoned)
The floor.
C - a +1 war axe (weapon)
You closely miss the rust devil. You closely miss the red devil.
You slash the shadow imp!
The shadow imp hits you but does no damage.
The red devil hits you but does no damage.
The rust devil hits you. The rust devil corrodes you!
You slash the rust devil!
The rust devil is moderately wounded.
You hit the ice devil but do no damage. You barely miss the red devil.
You closely miss the shadow imp. You hit the smoke demon.
The ice devil hits you! The ice devil freezes you!!
The smoke demon gestures at you. Xom smites you!
The shadow imp hits you but does no damage.
The red devil hits you with a +0 trident!
Barbed spikes become lodged in your body.
The rust devil hits you. The rust devil corrodes you!
You hit the rust devil but do no damage.
The rust devil is moderately wounded.
You hit the ice devil but do no damage. You barely miss the red devil.
You hit the shadow imp but do no damage.
You hit the smoke demon.
Unknown command.
You hit the rust devil.
The rust devil is heavily wounded.
You hit the ice devil but do no damage. You closely miss the red devil.
You hit the shadow imp but do no damage.
You hit the smoke demon. The smoke demon gestures at you. Xom smites you!
The ice devil hits you.
* * * LOW HITPOINT WARNING * * *
The ice devil freezes you!
* * * LOW HITPOINT WARNING * * *
The rust devil hits you.
* * * LOW HITPOINT WARNING * * *
The rust devil corrodes you!
The red devil hits you with a +0 trident!
* * * LOW HITPOINT WARNING * * *
Barbed spikes become lodged in your body.
You slash the rust devil! You headbutt the rust devil.
The rust devil is severely wounded.
You hit the red devil but do no damage. You hit the chaos spawn.
You hit the smoke demon but do no damage.
You barely miss the ice devil. The smoke demon completely misses you.
You furiously retaliate!
You headbutt the smoke demon, but do no damage.
The smoke demon barely misses you.
The smoke demon hits you but does no damage.
You block the ice devil's attack. The rust devil hits you.
* * * LOW HITPOINT WARNING * * *
The rust devil corrodes you!
The red devil hits you with a +0 trident!
You die...

Skill      XL: |  1  2  3  4  5  6  7  8  9 10 |
---------------+-------------------------------+-----
Axes           | 4 5 6 7 9 11 14 15 | 15.1
Fighting       | 4 5 7 9 10 | 10.7
Shields        | 3 6 |  6.4
Armour         | 4 |  4.6
Dodging        | 3 |  3.7

Action                     |  1- 3 |  4- 6 |  7- 9 | 10-12 || total
---------------------------+-------+-------+-------+-------++-------
  Melee: Hand axe          |    58 |   113 |   243 |   137 ||   551
         Headbutt          |     5 |    22 |    50 |    30 ||   107
         Unarmed           |       |     9 |       |       ||     9
         Punch             |       |       |     4 |     1 ||     5
         War axe           |       |       |       |     5 ||     5
  Throw: Dart              |       |       |       |     7 ||     7
    Use: Potion            |       |     3 |     2 |       ||     5
         Scroll            |       |       |     5 |     2 ||     7
   Stab: Petrifying        |       |       |     1 |       ||     1
 Armour: Leather armour    |    37 |    62 |   162 |    51 ||   312
         Skin              |       |     9 |       |       ||     9
         Plate armour      |       |       |       |    23 ||    23
  Dodge: Dodged            |    48 |    67 |   105 |    36 ||   256
  Block: Buckler           |       |       |       |    12 ||    12

Levels and vault maps discovered:
D:1:      shiori_arrival_whats_in_store_for_you, layout_basic
D:2:      layout_basic, shapermc_ecumenical_altar_mp_highgroup
D:3:      layout_basic, lemuel_crystal_altar, mainiacjoe_overflow_paths
D:4:      layout_rooms, mainiacjoe_overflow_24_doors,
          nicolae_sif_muna_little_library, grunt_temple_overflow_open,
          minmay_temple_entry_trees, uniq_pikel, uniq_natasha, uniq_grinder
D:5:      layout_gridville, grunt_qazlal_sundering, overflow_temple_1_default,
          lemuel_doored_altar, nicolae_ru_sacrificial_ziggurat
D:6:      layout_basic, mainiacjoe_overflow_concentric_impassable
D:7:      layout_layer_cave, mainiacjoe_overflow_cross_hatched, enter_bailey_5,
          st_stairs_12, uniq_maggie

Notes
Turn   | Place    | Note
-------+----------+-------------------------------------------
     0 | D:1      | scionoferis the Minotaur Chaos Knight began the quest for
                  | the Orb.
     0 | D:1      | Reached XP level 1. HP: 19/19 MP: 0/0
     7 | D:1      | Noticed a merfolk zombie
     9 | D:1      | Noticed a demonspawn zombie
    73 | D:1      | XOM: noise
    86 | D:1      | Reached skill level 4 in Axes
    89 | D:1      | Reached XP level 2. HP: 27/27 MP: 1/1
   155 | D:1      | Reached skill level 4 in Fighting
   365 | D:1      | XOM: silly message
   572 | D:1      | Reached XP level 3. HP: 28/32 MP: 2/2
   754 | D:2      | a worm changed into a wolf
   754 | D:2      | Noticed a wolf
   754 | D:2      | XOM: polymorph worm -> wolf
   756 | D:2      | XOM: silly message
   759 | D:2      | Killed a wolf
   760 | D:2      | Reached skill level 5 in Axes
   760 | D:2      | Reached XP level 4. HP: 22/41 MP: 3/3
   877 | D:2      | XOM: smoke on damage
   989 | D:2      | Reached skill level 6 in Axes
  1077 | D:2      | Reached XP level 5. HP: 47/47 MP: 4/4
  1077 | D:2      | Found a faded altar of an unknown god.
  1083 | D:2      | XOM: silly message
  1503 | D:3      | Reached skill level 5 in Fighting
  1511 | D:3      | XOM: silly message
  1660 | D:3      | Found a glowing golden altar of the Shining One.
  1721 | D:3      | Found an iron altar of Okawaru.
  1756 | D:3      | Noticed a water moccasin
  1763 | D:3      | Killed a water moccasin
  1862 | D:3      | Identified the +4 hand axe of Hystra Moly {drain, rC+
                  | rCorr}
  2077 | D:3      | XOM: smoke on damage
  2144 | D:4      | Identified the "Haxiowna"
  2144 | D:4      | Identified the of Putha
  2144 | D:4      | Identified the of Iczex
  2144 | D:4      | Noticed Natasha
  2144 | D:4      | Noticed Grinder
  2148 | D:3      | XOM: divination: detect items
  2149 | D:3      | Killed Natasha
  2150 | D:3      | Reached skill level 7 in Axes
  2150 | D:3      | Reached XP level 6. HP: 56/56 MP: 5/5
  2189 | D:3      | Noticed Natasha
  2201 | D:3      | Killed Natasha
  2220 | D:3      | Noticed Natasha
  2227 | D:3      | Killed Natasha
  2247 | D:4      | Found an ornate altar of the Wu Jian Council.
  2267 | D:4      | Found a hide-covered altar of Uskayaw.
  2349 | D:4      | Noticed Pikel
  2366 | D:4      | XOM: enchant monster (bad)
  2374 | D:4      | XOM: summons 6 friendly demons
  2381 | D:4      | XOM: blink monster(s)
  2389 | D:4      | Killed Pikel
  2390 | D:4      | Reached skill level 7 in Fighting
  2390 | D:4      | Reached skill level 9 in Axes
  2390 | D:4      | Reached XP level 7. HP: 51/66 MP: 6/6
  2392 | D:4      | Killed Grinder
  2393 | D:4      | Reached XP level 8. HP: 59/73 MP: 7/7
  2427 | D:4      | Found a staircase to the Ecumenical Temple.
  2435 | D:4      | Reached skill level 10 in Axes
  2500 | D:4      | Found a shimmering blue altar of Sif Muna.
  2623 | D:4      | Found a snail-covered altar of Cheibriados.
  2740 | D:5      | Entered Level 5 of the Dungeon
  2788 | D:5      | XOM: confusion (+ monsters)
  2789 | D:4      | XOM: polymorph orc -> adder
  2796 | D:4      | XOM: give mutations
  2796 | D:4      | Gained mutation: You possess an exceptional clarity of
                  | mind. [Xom's mischief]
  2796 | D:4      | Gained mutation: You are clumsy. (Dex -2) [Xom's mischief]
  2825 | D:4      | Reached skill level 8 in Fighting
  2968 | D:5      | Found a sparkling altar of Nemelex Xobeh.
  2978 | D:5      | Found a blossoming altar of Fedhas.
  3174 | D:5      | Reached skill level 11 in Axes
  3277 | D:5      | Found a sacrificial altar of Ru.
  3385 | D:5      | Found a stormy altar of Qazlal.
  3686 | D:6      | Found a burning altar of Makhleb.
  3728 | D:6      | Noticed a kobold demonologist
  3728 | D:6      | XOM: 1-stop teleportation journey
  3734 | D:6      | Noticed a kobold demonologist
  3736 | D:6      | Noticed a kobold demonologist
  3741 | D:6      | Noticed an orange demon
  3746 | D:6      | XOM: 1-stop teleportation journey
  3763 | D:5      | XOM: enchant monster (good)
  3798 | D:5      | XOM: snakes to sticks
  3849 | D:5      | Reached skill level 9 in Fighting
  3849 | D:5      | Reached XP level 9. HP: 53/83 MP: 8/8
  3900 | D:6      | Reached skill level 12 in Axes
  4010 | D:6      | XOM: give mutation
  4010 | D:6      | Gained mutation: You are robust. (+10% HP) [Xom's grace]
  4150 | D:6      | XOM: god gift: 3 stones
  4224 | D:6      | XOM: blink monster(s)
  4249 | D:6      | Killed a kobold demonologist
  4278 | D:6      | Reached skill level 13 in Axes
  4295 | D:6      | Noticed a hellwing
  4302 | D:6      | XOM: silly message
  4303 | D:6      | Noticed a hellwing
  4303 | D:6      | Killed a kobold demonologist
  4303 | D:6      | XOM: cast spell 'Summon Dragon'
  4304 | D:6      | Reached skill level 10 in Fighting
  4311 | D:6      | HP: 22/93 [kobold demonologist/+0 dagger (3)]
  4315 | D:6      | HP: 5/93 [chaos spawn[a kobold demonologist] (8)]
  4315 | D:6      | Killed a kobold demonologist
  4316 | D:6      | Reached skill level 14 in Axes
  4478 | D:6      | XOM: summons 1 hostile shadow creature
  4602 | D:7      | Found a shadowy altar of Dithmenos.
  4629 | D:7      | Reached skill level 1 in Shields
  4645 | D:7      | Noticed Maggie
  4653 | D:7      | Killed Maggie
  4654 | D:7      | Reached skill level 2 in Shields
  4665 | D:7      | Reached skill level 3 in Shields
  4665 | D:7      | Reached XP level 10. HP: 49/102 MP: 9/9
  4702 | D:7      | XOM: summons 10 friendly demons
  4716 | D:7      | Found a flagged portal.
  4724 | D:7      | Reached skill level 4 in Shields
  4749 | D:7      | XOM: divination: detect creatures
  4750 | D:7      | XOM: silly message
  4787 | D:7      | Reached skill level 5 in Shields
  4793 | Bailey   | Entered a bailey
  4992 | Bailey   | Reached skill level 3 in Armour
  4999 | Bailey   | Reached skill level 2 in Dodging
  5022 | Bailey   | Noticed an orc knight
  5039 | Bailey   | Killed an orc knight
  5304 | Bailey   | Found an iron altar of Okawaru.
  5304 | Bailey   | Noticed an orc sorcerer
  5304 | Bailey   | Noticed an orc high priest
  5330 | Bailey   | XOM: polymorph hobgoblin -> ball python
  5334 | Bailey   | Killed an orc high priest
  5335 | Bailey   | Reached skill level 15 in Axes
  5335 | Bailey   | Reached skill level 4 in Armour
  5335 | Bailey   | Reached skill level 3 in Dodging
  5335 | Bailey   | Reached skill level 6 in Shields
  5348 | Bailey   | Killed an orc sorcerer
  5437 | Bailey   | Identified the +3 sling of the Median {drain, rPois rCorr
                  | Dex+5}
  5439 | Bailey   | Identified the +10 flail of Grim Blind Justice {drain,
                  | Str+3 Int+2 Dex-2 SInv}
  5573 | Bailey   | XOM: 1-stop teleportation journey
  5812 | D:7      | XOM: 6-stop teleportation journey
  5996 | D:7      | XOM: summons 6 hostile demons
  5997 | D:7      | Noticed a smoke demon
  5997 | D:7      | Noticed a rust devil
  6001 | D:7      | HP: 22/103 [rust devil[Xom] (4)]
  6002 | D:7      | Slain by a red devil

Vanquished Creatures
  An orc high priest (Bailey)
  An orc knight (Bailey)
  An orc sorcerer (Bailey)
  2 kobold demonologists (D:6)
  Maggie (D:7)
  A wraith (D:5)
  A steam dragon (D:7)
  4 water moccasins (D:3 D:7)
  5 orc warriors (Bailey)
  A black bear (D:7)
  A sky beast (D:7)
  An ice beast (D:6)
  2 ogres (D:4 D:6)
  A wolf (D:2)
  A lemure (D:4)
  A phantom (D:4)
  3 scorpions (D:5 D:6)
  2 bullfrogs (D:6 D:7)
  7 wights (D:6 D:7)
  2 jellies (D:5 D:7)
  An electric eel (Bailey)
  4 hounds (D:5)
  A gnoll bouda (D:4)
  3 orc priests (D:5 D:7)
  Natasha (thrice) (D:3)
  4 iguanas (D:6)
  4 orc wizards (D:4 D:5 D:7)
  8 gnolls (D:4 D:5 Bailey)
  9 adders (D:2 D:3 D:4 D:5 D:6)
  2 white imps (D:6)
  2 worms (D:2)
  5 dart slugs (D:1 D:4 D:5)
  23 orcs (D:3 D:4 D:5 D:6 Bailey)
  5 endoplasms (D:1 D:2 D:4)
  3 giant cockroaches (D:2 D:3 D:4)
  14 goblins (D:1 D:2 D:4 D:7 Bailey)
  11 hobgoblins (D:1 D:3 D:4 Bailey)
  4 jackals (D:3)
  3 quokkas (D:1 D:3)
  6 ball pythons (D:1 D:4 Bailey)
  8 bats (D:1 D:2 D:3)
  4 frilled lizards (D:1 D:2)
  8 kobolds (D:1 D:2 D:3 D:4 D:6)
  2 rats (D:1 D:2)
176 creatures vanquished.

Vanquished Creatures (collateral kills)
  Pikel (D:4)
  A kobold demonologist (D:6)
  Grinder (D:4)
  3 orc warriors (Bailey)
  A lemure (D:4)
  2 kobold brigands (D:6)
  4 wights (D:7)
  An electric eel (Bailey)
  An iguana (D:6)
  3 gnolls (Bailey)
  A shadow imp (D:6)
  A worm (D:4)
  A goblin (D:7)
  A hobgoblin (Bailey)
  3 kobolds (D:4 D:6)
  A quokka (D:4)
26 creatures vanquished.

Vanquished Creatures (others)
  A hobgoblin (Bailey)
1 creature vanquished.

Grand Total: 203 creatures vanquished

Table legend: (Time is in decaauts)
 A = Elapsed time spent in this place.
 B = Non-inter-level travel time spent in this place.
 C = Inter-level travel time spent in this place.
 D = Time resting spent in this place.
 E = Time spent auto-exploring this place.
 F = Levels seen in this place.
 G = Mean time per level.
                   A        B        C        D        E       F      G
               +--------+--------+--------+--------+--------+-----+--------+
         Total |   5892 |   5731 |    161 |    204 |   3779 |   8 |  736.5 |
       Dungeon |   5023 |   4862 |    161 |     93 |   3534 |   7 |  717.6 |
        Bailey |    869 |    869 |      0 |    111 |    245 |   1 |  869.0 |
               +--------+--------+--------+--------+--------+-----+--------+

Top non-repeatable levels by time:
     D:5: 931 daAuts
  Bailey: 869 daAuts
     D:3: 783 daAuts
     D:6: 744 daAuts
     D:2: 737 daAuts
     D:1: 709 daAuts
     D:4: 587 daAuts
     D:7: 528 daAuts

Table legend:
 A = Non-vault XP
 B = Vault XP
 C = Vault XP percentage of total XP
 D = Non-vault monster count
 E = Vault monster count
 F = Vault count percentage of total count
                 A         B        C        D         E       F
            +---------+---------+-------+---------+---------+-------
      Total |    5442 |    4832 |  47.0 |     157 |      43 |  21.5
            +---------+---------+-------+---------+---------+-------
        D:1 |      49 |       0 |   0.0 |      27 |       0 |   0.0
        D:2 |     147 |       0 |   0.0 |      13 |       0 |   0.0
        D:3 |     255 |      37 |  12.7 |      17 |       1 |   5.6
        D:4 |     435 |     983 |  69.3 |      28 |       2 |   6.7
        D:5 |     730 |       0 |   0.0 |      23 |       0 |   0.0
        D:6 |    2287 |       0 |   0.0 |      30 |       0 |   0.0
        D:7 |    1539 |     571 |  27.1 |      19 |       6 |  24.0
     Bailey |       0 |    3241 | 100.0 |       0 |      34 | 100.0
            +---------+---------+-------+---------+---------+-------
